| TOP OF THE 1ST |
|
Syracuse Chiefs batting - Pitching for Rochester Red Wings : RHP Mike Moore
|
|
Pitching: RHP Mike Moore
|
|
|
Batting: LHB Darryl Strawberry
|
0-0: Called Strike 0-1: Ball 1-1: Ball 2-1: Fly out, F9 (Flyball, 89S, EV 86.3 MPH)
|
|
Batting: RHB Phil Garner
|
0-0: Fly out, F7 (Line Drive, 7D, EV 99.4 MPH)
|
|
Batting: RHB Jason Adams
|
0-0: Foul Ball, location: 2F 0-1: Called Strike 0-2: Ball 1-2: Foul Ball, location: 2F 1-2: Strikes out looking
|
| Top of the 1st over - 0 runs, 0 hits, 0 errors, 0 left on base; Syracuse 0 - Rochester 0 |
| BOTTOM OF THE 1ST |
|
Rochester Red Wings batting - Pitching for Syracuse Chiefs : RHP Ernie McAnally
|
|
Pitching: RHP Ernie McAnally
|
|
|
Batting: RHB Johnnie LeMaster
|
0-0: Called Strike 0-1: Swinging Strike 0-2: Foul Ball, location: 2F 0-2: Ball 1-2: Ball 2-2: Ball 3-2: Foul Ball, location: 2F 3-2: Foul Ball, location: 2F 3-2: Foul Ball, location: 2F 3-2: Foul Ball, location: 2F 3-2: Foul Ball, location: 2F 3-2: Fly out, F7 (Line Drive, 7, EV 89.4 MPH)
|
|
Batting: LHB Ed Amelung
|
0-0: Foul Ball, location: 2F 0-1: SINGLE (Groundball, 6S, EV 60.0 MPH) (infield hit)
|
|
Batting: SHB Jordan Ayala
|
0-0: Called Strike Ed Amelung steals 2nd base 0-1: Fly out, F7 (Flyball, 78M, EV 86.9 MPH)
|
|
Batting: RHB Gerry Davis
|
0-0: Called Strike 0-1: Foul Ball, location: 2F 0-2: Foul Ball, location: 2F 0-2: Ball 1-2: Foul Ball, location: 2F 1-2: Foul Ball, location: 2F 1-2: Foul Ball, location: 2F 1-2: Ball 2-2: Ball 3-2: Foul Ball, location: 2F 3-2: Strikes out swinging
|
| Bottom of the 1st over - 0 runs, 1 hit, 0 errors, 1 left on base; Syracuse 0 - Rochester 0 |
| TOP OF THE 2ND |
|
Syracuse Chiefs batting - Pitching for Rochester Red Wings : RHP Mike Moore
|
|
Batting: LHB Wayne Gross
|
0-0: Ground out 4-3 (Groundball, 4, EV 86.3 MPH)
|
|
Batting: RHB Jim G Wilson
|
0-0: Ball 1-0: Fly out, F8 (Flyball, 8RS, EV 90.6 MPH)
|
|
Batting: RHB Brian Asselstine
|
0-0: Ball 1-0: Foul Ball, location: 2F 1-1: Ball 2-1: Foul Ball, location: 2F 2-2: Ball 3-2: Fly out, F8 (Flyball, 8LD, EV 87.5 MPH)
|
| Top of the 2nd over - 0 runs, 0 hits, 0 errors, 0 left on base; Syracuse 0 - Rochester 0 |
| BOTTOM OF THE 2ND |
|
Rochester Red Wings batting - Pitching for Syracuse Chiefs : RHP Ernie McAnally
|
|
Batting: LHB Sid Bream
|
0-0: Fly out, F8 (Flyball, 8RXD, EV 95.0 MPH)
|
|
Batting: RHB Joe Carter
|
0-0: Ground out 5-3 (Groundball, 5, EV 102.5 MPH)
|
|
Batting: LHB Dave Falcone
|
0-0: Foul Ball, location: 2F 0-1: SOLO HOME RUN (Flyball, 9LD, EV 92.5 MPH), Distance : 346 ft
|
|
Batting: RHB Tom Brookens
|
0-0: Fly out, F3 (Flyball, 3D, EV 75.0 MPH)
|
| Bottom of the 2nd over - 1 run, 1 hit, 0 errors, 0 left on base; Syracuse 0 - Rochester 1 |
| TOP OF THE 3RD |
|
Syracuse Chiefs batting - Pitching for Rochester Red Wings : RHP Mike Moore
|
|
Batting: RHB LaRue Washington
|
0-0: Ball 1-0: Ball 2-0: Ball 3-0: Called Strike 3-1: Foul Ball, location: 2F 3-2: Foul Ball, location: 2F 3-2: SINGLE (Line Drive, 89M, EV 110.0 MPH)
|
|
Batting: LHB Jon Jimenez
|
0-0: Ball 1-0: Ball 2-0: Foul Ball, location: 2F 2-1: Called Strike 2-2: Grounds into double play, 3-6-3 (Groundball, 34, EV 100.0 MPH)
|
|
Batting: LHB Danny Goodwin
|
0-0: Called Strike 0-1: Ball 1-1: Ball 2-1: Called Strike 2-2: Fly out, F6 (Popup, 6, EV 71.9 MPH)
|
| Top of the 3rd over - 0 runs, 1 hit, 0 errors, 0 left on base; Syracuse 0 - Rochester 1 |
| BOTTOM OF THE 3RD |
|
Rochester Red Wings batting - Pitching for Syracuse Chiefs : RHP Ernie McAnally
|
|
Batting: RHB Jerry Dybzinski
|
0-0: SOLO HOME RUN (Flyball, 9LD, EV 101.3 MPH), Distance : 355 ft
|
|
Batting: RHB Johnnie LeMaster
|
0-0: Ball 1-0: Ball 2-0: Called Strike 2-1: DOUBLE (Popup, 4MD, EV 51.9 MPH)
|
|
Batting: LHB Ed Amelung
|
0-0: Ball 1-0: Ball 2-0: Swinging Strike 2-1: Foul Ball, location: 2F 2-2: Reached on error, E4 (Groundball, 4, EV 82.5 MPH) Johnnie LeMaster to third
|
|
Batting: SHB Jordan Ayala
|
0-0: Ball 1-0: Ball 2-0: Fly out, F8 (Flyball, 78XD, EV 91.3 MPH) Runner from 3rd tags up, SCORES, no throw by CF
|
|
Batting: RHB Gerry Davis
|
0-0: Ball 1-0: Swinging Strike 1-1: Swinging Strike 1-2: Foul Ball, location: 2F 1-2: Fly out, F8 (Line Drive, 8LM, EV 91.3 MPH)
|
|
Batting: LHB Sid Bream
|
0-0: Ball 1-0: Foul Ball, location: 2F 1-1: Ball Ed Amelung is caught stealing 2nd base 2-6
|
| Bottom of the 3rd over - 2 runs, 2 hits, 1 error, 0 left on base; Syracuse 0 - Rochester 3 |
| TOP OF THE 4TH |
|
Syracuse Chiefs batting - Pitching for Rochester Red Wings : RHP Mike Moore
|
|
Batting: LHB Darryl Strawberry
|
0-0: Called Strike 0-1: Called Strike 0-2: Foul Ball, location: 2F 0-2: Strikes out swinging
|
|
Batting: RHB Phil Garner
|
0-0: Foul Ball, location: 2F 0-1: Ball 1-1: Foul Ball, location: 2F 1-2: Foul Ball, location: 2F 1-2: Fly out, F6 (Line Drive, 6, EV 63.8 MPH)
|
|
Batting: RHB Jason Adams
|
0-0: Called Strike 0-1: Foul Ball, location: 2F 0-2: Ball 1-2: Foul Ball, location: 2F 1-2: Ground out 5-3 (Groundball, 56, EV 104.4 MPH)
|
| Top of the 4th over - 0 runs, 0 hits, 0 errors, 0 left on base; Syracuse 0 - Rochester 3 |
| BOTTOM OF THE 4TH |
|
Rochester Red Wings batting - Pitching for Syracuse Chiefs : RHP Ernie McAnally
|
|
Batting: LHB Sid Bream
|
0-0: Foul Ball, location: 2F 0-1: Foul Ball, location: 2F 0-2: Ball 1-2: Foul Ball, location: 2F 1-2: Foul Ball, location: 2F 1-2: Foul Ball, location: 2F 1-2: DOUBLE (Line Drive, 9LM, EV 111.9 MPH)
|
|
Batting: RHB Joe Carter
|
0-0: DOUBLE (Flyball, 89D, EV 111.3 MPH) Sid Bream scores
|
|
Batting: LHB Dave Falcone
|
0-0: Ball 1-0: SINGLE (Line Drive, 78S, EV 91.3 MPH) Joe Carter to third Runner from 3rd tries for Home, SAFE, throw by CF to home
|
|
Batting: RHB Tom Brookens
|
0-0: Ball 1-0: Foul Ball, location: 2F 1-1: Ground out 5-3 (Groundball, 56, EV 103.8 MPH) Dave Falcone to second
|
|
Batting: RHB Jerry Dybzinski
|
0-0: Foul Ball, location: 2F 0-1: Ball 1-1: Ground out 1-3 (Groundball, 15S, EV 69.4 MPH)
|
|
Batting: RHB Johnnie LeMaster
|
0-0: Swinging Strike 0-1: Ball 1-1: Foul Ball, location: 2F 1-2: Ball 2-2: Foul Ball, location: 2F 2-2: Fly out, F8 (Line Drive, 8RM, EV 95.6 MPH)
|
| Bottom of the 4th over - 2 runs, 3 hits, 0 errors, 1 left on base; Syracuse 0 - Rochester 5 |
| TOP OF THE 5TH |
|
Syracuse Chiefs batting - Pitching for Rochester Red Wings : RHP Mike Moore
|
|
Batting: LHB Wayne Gross
|
0-0: Swinging Strike 0-1: Swinging Strike 0-2: Ground out 4-3 (Groundball, 4, EV 101.3 MPH)
|
|
Batting: RHB Jim G Wilson
|
0-0: Ball 1-0: Ball 2-0: Foul Ball, location: 2F 2-1: Called Strike 2-2: Ball 3-2: Foul Ball, location: 2F 3-2: Ground out 6-3 (Groundball, 56D, EV 110.0 MPH)
|
|
Batting: RHB Brian Asselstine
|
0-0: Ball 1-0: Ball 2-0: Fly out, F8 (Flyball, 8RM, EV 87.5 MPH)
|
| Top of the 5th over - 0 runs, 0 hits, 0 errors, 0 left on base; Syracuse 0 - Rochester 5 |
| BOTTOM OF THE 5TH |
|
Rochester Red Wings batting - Pitching for Syracuse Chiefs : RHP Ernie McAnally
|
|
Batting: LHB Ed Amelung
|
0-0: Swinging Strike 0-1: Foul Ball, location: 2F 0-2: Ball 1-2: Ball 2-2: Fly out, F7 (Line Drive, 7, EV 106.9 MPH)
|
|
Batting: SHB Jordan Ayala
|
0-0: Foul Ball, location: 2F 0-1: Ball 1-1: Ground out 5-3 (Groundball, 5, EV 104.4 MPH)
|
|
Batting: RHB Gerry Davis
|
0-0: Fly out, F5 (Line Drive, 5, EV 74.4 MPH)
|
| Bottom of the 5th over - 0 runs, 0 hits, 0 errors, 0 left on base; Syracuse 0 - Rochester 5 |
| TOP OF THE 6TH |
|
Syracuse Chiefs batting - Pitching for Rochester Red Wings : RHP Mike Moore
|
|
Batting: RHB LaRue Washington
|
0-0: SINGLE (Groundball, 56S, EV 65.6 MPH) (infield hit)
|
|
Batting: LHB Jon Jimenez
|
0-0: Ball 1-0: Called Strike 1-1: Ball 2-1: Fly out, F6 (Popup, 6M, EV 74.4 MPH)
|
|
Batting: LHB Danny Goodwin
|
0-0: Swinging Strike 0-1: Ball 1-1: Ball 2-1: Fielders Choice at 2nd, 4-6 (Groundball, 4, EV 104.4 MPH)
|
|
Batting: LHB Darryl Strawberry
|
0-0: Ball 1-0: Fly out, F8 (Line Drive, 8LD, EV 89.4 MPH)
|
| Top of the 6th over - 0 runs, 1 hit, 0 errors, 1 left on base; Syracuse 0 - Rochester 5 |
| BOTTOM OF THE 6TH |
|
Rochester Red Wings batting - Pitching for Syracuse Chiefs : RHP Ernie McAnally
|
|
Batting: LHB Sid Bream
|
0-0: Ball 1-0: Called Strike 1-1: Foul Ball, location: 2F 1-2: SINGLE (Flyball, 6D, EV 89.4 MPH)
|
|
Batting: RHB Joe Carter
|
0-0: Foul Ball, location: 2F 0-1: Called Strike 0-2: Ball 1-2: Ball 2-2: Ball 3-2: Fly out, F9 (Flyball, 9LS, EV 86.3 MPH)
|
|
Batting: LHB Dave Falcone
|
0-0: Called Strike 0-1: Foul Ball, location: 2F 0-2: Strikes out swinging
|
|
Batting: RHB Tom Brookens
|
0-0: Called Strike 0-1: Foul Ball, location: 2F 0-2: Foul Ball, location: 2F 0-2: Ball 1-2: Ball 2-2: Ball 3-2: Base on Balls Sid Bream to second
|
|
Batting: RHB Jerry Dybzinski
|
0-0: Swinging Strike 0-1: Ball 1-1: Ground out 4-3 (Groundball, 4, EV 79.4 MPH)
|
| Bottom of the 6th over - 0 runs, 1 hit, 0 errors, 2 left on base; Syracuse 0 - Rochester 5 |
| TOP OF THE 7TH |
|
Syracuse Chiefs batting - Pitching for Rochester Red Wings : RHP Mike Moore
|
|
Batting: RHB Phil Garner
|
0-0: Ground out U3 (Groundball, 3L, EV 85.6 MPH)
|
|
Batting: RHB Jason Adams
|
0-0: Called Strike 0-1: Fly out, F8 (Flyball, 8LM, EV 90.0 MPH)
|
|
Batting: LHB Wayne Gross
|
0-0: Called Strike 0-1: Swinging Strike 0-2: Strikes out looking
|
| Top of the 7th over - 0 runs, 0 hits, 0 errors, 0 left on base; Syracuse 0 - Rochester 5 |
| BOTTOM OF THE 7TH |
|
Rochester Red Wings batting - Pitching for Syracuse Chiefs : RHP Ernie McAnally
|
|
Batting: RHB Johnnie LeMaster
|
0-0: Reached on error, E3 (Groundball, 34S, EV 81.9 MPH)
|
|
Batting: LHB Ed Amelung
|
0-0: Called Strike Johnnie LeMaster is caught stealing 3rd base 2-5 0-1: Ball 1-1: Ball 2-1: Ball 3-1: Called Strike 3-2: Foul Ball, location: 2F 3-2: Base on Balls
|
|
Batting: SHB Jordan Ayala
|
0-0: Called Strike Ed Amelung steals 2nd base 0-1: Called Strike 0-2: Ball 1-2: Foul Ball, location: 2F 1-2: Foul Ball, location: 2F 1-2: Foul Ball, location: 2F 1-2: Ball 2-2: Ball 3-2: DOUBLE (Line Drive, 9LS, EV 110.0 MPH) Ed Amelung scores
|
|
Pitching: RHP Steve Rogers
|
|
|
Batting: RHB Gerry Davis
|
0-0: Ball 1-0: Fly out, F9 (Line Drive, 9, EV 110.6 MPH)
|
|
Batting: LHB Sid Bream
|
0-0: Ground out 4-3 (Groundball, 13, EV 81.9 MPH)
|
| Bottom of the 7th over - 1 run, 1 hit, 1 error, 1 left on base; Syracuse 0 - Rochester 6 |
| TOP OF THE 8TH |
|
Syracuse Chiefs batting - Pitching for Rochester Red Wings : RHP Mike Moore
|
|
Batting: RHB Jim G Wilson
|
0-0: SINGLE (Line Drive, 9S, EV 105.0 MPH)
|
|
Batting: RHB Brian Asselstine
|
0-0: Ball 1-0: Fielders Choice at 2nd, 6-4 (Groundball, 6, EV 80.0 MPH)
|
|
Batting: RHB LaRue Washington
|
0-0: Fly out, F9 (Flyball, 89D, EV 87.5 MPH)
|
|
Batting: LHB Jon Jimenez
|
0-0: Ball 1-0: Called Strike 1-1: Ground out 5-3 (Groundball, 56, EV 105.0 MPH)
|
| Top of the 8th over - 0 runs, 1 hit, 0 errors, 1 left on base; Syracuse 0 - Rochester 6 |
| BOTTOM OF THE 8TH |
|
Rochester Red Wings batting - Pitching for Syracuse Chiefs : RHP Steve Rogers
|
|
Batting: RHB Joe Carter
|
0-0: Ball 1-0: Called Strike 1-1: Called Strike 1-2: Ground out 6-3 (Groundball, 6, EV 79.4 MPH)
|
|
Batting: LHB Dave Falcone
|
0-0: Ground out 6-3 (Groundball, 6, EV 81.3 MPH)
|
|
Batting: RHB Tom Brookens
|
0-0: Ball 1-0: Foul Ball, location: 2F 1-1: Foul Ball, location: 2F 1-2: Strikes out swinging, 2-3 out at first.
|
| Bottom of the 8th over - 0 runs, 0 hits, 0 errors, 0 left on base; Syracuse 0 - Rochester 6 |
| TOP OF THE 9TH |
|
Syracuse Chiefs batting - Pitching for Rochester Red Wings : RHP Mike Moore
|
|
Batting: LHB Danny Goodwin
|
0-0: Ball 1-0: Ground out 4-3 (Groundball, 4, EV 102.5 MPH)
|
|
Batting: LHB Darryl Strawberry
|
0-0: Swinging Strike 0-1: Called Strike 0-2: Ball 1-2: Foul Ball, location: 2F 1-2: Ball 2-2: Foul Ball, location: 2F 2-2: Foul Ball, location: 2F 2-2: Strikes out swinging
|
|
Batting: RHB Phil Garner
|
0-0: Fly out, F6 (Popup, 6, EV 68.1 MPH)
|
| Top of the 9th over - 0 runs, 0 hits, 0 errors, 0 left on base; Syracuse 0 - Rochester 6 |
|